[Event "Team 45 45 League T37"]
[Site "Internet Chess Club"]
[Date "2008.06.01"]
[Round "6"]
[White "frothyjowels"]
[Black "FiendAngelical"]
[Result "1-0"]
[WhiteElo "2236"]
[BlackElo "1982"]
[Opening "Sicilian defense"]
[ECO "B30"]
[Time "15:01:28"]
[TimeControl "2700+45"]

1. e4 c5 2. Nf3 Nc6 3. d3 g6 4. g3 Bg7 5. Bg2 d6 6. O-O Rb8 7. Nbd2 b5 8. Re1 e5
9. b3 Nge7 10. a4 a6 11. axb5 axb5 12. Bb2 O-O 13. Nf1 h6 14. Qe2 Be6 15. Ne3
Qd7 16. Ra2 Ra8 17. Rea1 Rxa2 18. Rxa2 Re8 19. c4 Nd4 20. Nxd4 exd4 21. Nd1 Nc6
22. f3 bxc4 23. bxc4 Nb4 24. Ra5 f5 25. Nf2 Qf7 26. Qd2 Bf8 27. Ba3 Nc6 28. Rb5
Ra8 29. Bc1 Nb4 30. Bh3 Ra2 31. Bb2 Qa7 32. g4 Bd7 33. gxf5 Bxb5 34. cxb5 g5 35.
f4 Qg7 36. f6 Qxf6 37. fxg5 Qxg5+ 38. Qxg5+ hxg5 39. Be6+ Kg7 40. Bxa2 Nxa2 41.
Kg2 Kf7 42. b6 Nb4 43. Bc1 Be7 44. Kg3 d5 45. exd5 Nxd5 46. b7 Bd6+ 47. Kg4 Bxh2
48. Ne4 Ne3+ 49. Bxe3 dxe3 50. Kf3 Ke7 51. Nxc5 Bd6 52. Na6 Kf6 53. b8=Q Bxb8
54. Nxb8 g4+ 55. Kxe3 Ke5 56. Nc6+ Kd5 57. Nb4+ Ke5 58. d4+ Kd6 59. Kf4 Ke6 60.
Kxg4 Kd6 61. Kf5 Ke7 62. Ke5 Kd7 63. d5 Ke7 64. d6+ Kd7 65. Nd5 Ke8 66. Nf6+ Kf8
67. Ke6 Kg7 68. d7 Kf8 69. d8=Q+ Kg7 70. Qg8+ Kh6 71. Ng4+ Kh5 72. Kf5 Kh4 73.
Nf2 Kh5 74. Qg5# {Black checkmated} 1-0

[Event "Team 45 45 League T37"]
[Site "Internet Chess Club"]
[Date "2008.05.30"]
[Round "6"]
[White "Kalhalla"]
[Black "alo"]
[Result "0-1"]
[WhiteElo "1785"]
[BlackElo "1860"]
[Opening "Ruy Lopez: Anderssen variation"]
[ECO "C77"]
[Time "13:00:10"]
[TimeControl "2700+45"]

1. e4 e5 2. Nf3 Nc6 3. Bb5 a6 4. Ba4 Nf6 5. d3 b5 6. Bb3 d6 7. c3 Be7 8. Nbd2
O-O 9. Nf1 d5 10. Qe2 Re8 11. Ng3 Bf8 12. O-O Na5 13. Bc2 Bb7 14. Re1 dxe4 15.
dxe4 c5 16. Bg5 Qb6 17. Nf5 g6 18. Nh6+ Bxh6 19. Bxh6 Nc4 20. Rab1 Nd6 21. Ng5
c4 22. Rbd1 Rad8 23. Qf3 Nc8 24. h4 Na7 25. Nh3 Qe6 26. Rxd8 Rxd8 27. Bg5 Kg7
28. Qe3 Nc8 29. f3 Qb6 30. Bh6+ Kg8 31. Kf2 Rd2+ 32. Re2 Qxe3+ 33. Bxe3 Rxe2+
34. Kxe2 Ne7 35. b3 Kg7 36. g4 Bc6 37. Nf2 Nd7 38. Nd1 f5 39. gxf5 cxb3 40. Bxb3
gxf5 41. Bg5 Nf6 42. exf5 Nxf5 43. Ne3 Nxe3 44. Bxe3 Nd5 45. Bd2 Nf4+ 46. Kf2
Kf6 47. c4 Nd3+ 48. Kg3 Nc5 49. cxb5 Bxb5 50. Bd5 Ne6 51. Kg4 Be2 52. Kg3 Nc5
53. Bg5+ Kf5 54. Bg8 Kg6 55. Kf2 Bb5 56. Ke3 h6 57. Be7 Nd7 58. Be6 Nf6 59. f4
exf4+ 60. Kxf4 Be2 61. a4 Nh5+ 62. Ke5 Ng7 63. Bd5 Bf1 64. Be4+ Kf7 65. Bc5 Ne8
66. Be3 Nf6 67. Bf5 h5 68. Kd4 Ng4 69. Bg5 Nf2 70. Kd5 Nh3 71. Be3 Kf6 72. Be4
Be2 73. Kd4 Bg4 74. Bd3 Bc8 75. Kc5 Ke5 76. Kb6 Nf4 77. Bxa6 Nd5+ 78. Ka7 Bxa6
79. Kxa6 Nxe3 80. Kb6 Kd5 81. a5 Nc4+ 82. Kb5 Nxa5 83. Kb4 Ke5 84. Kc3 Kf4 85.
Kd2 Kg4 86. Ke2 Kxh4 87. Kf2 Kh3 88. Kg1 Nb3 89. Kh1 Nc5 90. Kg1 Ne6 91. Kh1 Ng5
92. Kg1 Ne4 93. Kh1 Kg3 94. Kg1 Nf2 95. Kf1 h4 96. Kg1 h3 {White resigns} 0-1

[Event "Team 45 45 League T37"]
[Site "Internet Chess Club"]
[Date "2008.06.03"]
[Round "6"]
[White "touchthis"]
[Black "Bega"]
[Result "0-1"]
[WhiteElo "1801"]
[BlackElo "1801"]
[Opening "Bird's opening"]
[ECO "A03"]
[Time "16:00:21"]
[TimeControl "2700+45"]

1. f4 d5 2. e3 Nf6 3. Nf3 Nc6 4. Bb5 Bd7 5. b3 a6 6. Bxc6 Bxc6 7. O-O e6 8. Bb2
Bd6 9. d3 Qe7 10. Nbd2 O-O-O 11. Be5 h6 12. Bxd6 Qxd6 13. Ne5 Be8 14. d4 Nd7 15.
Ndf3 f6 16. Nd3 Bh5 17. c4 dxc4 18. bxc4 g5 19. c5 Qd5 20. Nb4 Qe4 21. Qd3 Nxc5
22. Qc3 Na4 23. Qb3 Nb6 24. Rac1 gxf4 25. exf4 Bxf3 26. Rxf3 Qxd4+ 27. Kh1 Rhe8
28. Rfc3 Rd7 29. g3 Qe4+ 30. Kg1 e5 31. Nxa6 bxa6 32. Qxb6 Qd4+ 33. Qxd4 exd4
34. Rd3 Rd6 35. Rcd1 Red8 36. Kf2 c5 37. Rc1 Rd5 38. Rc4 Kb7 39. Kf3 Kc6 40. a4
Re8 41. Rc1 Kb6 42. Rc4 Ka5 43. Kf2 Rb8 44. Ke2 Rb4 45. Rxb4 Kxb4 {White
resigns} 0-1

[Event "Team 45 45 League T37"]
[Site "Internet Chess Club"]
[Date "2008.05.29"]
[Round "6"]
[White "parrot9"]
[Black "crazynights"]
[Result "1/2-1/2"]
[WhiteElo "1701"]
[BlackElo "1596"]
[Opening "Ruy Lopez: closed, Breyer, Borisenko variation"]
[ECO "C95"]
[Time "16:09:58"]
[TimeControl "2700+45"]

1. e4 e5 2. Nf3 Nc6 3. Bb5 a6 4. Ba4 Nf6 5. O-O Be7 6. Re1 b5 7. Bb3 d6 8. c3
O-O 9. h3 Nb8 10. d4 Nbd7 11. Nbd2 Bb7 12. Bc2 Re8 13. Nf1 Bf8 14. Ng3 c5 15. a4
Qc7 16. Bd2 c4 17. Nh2 g6 18. Ng4 Nxg4 19. Qxg4 Nf6 20. Qe2 Bg7 21. d5 Reb8 22.
f4 Bc8 23. fxe5 dxe5 24. Reb1 Bd7 25. Be3 a5 26. Qd2 Ne8 27. Bd1 Nd6 28. Be2
{Game drawn by mutual agreement} 1/2-1/2